Map: Cyber Forest LE

Players

Mez - Winner!

  • Race: Protoss Protoss
  • League: Master
  • Spawn Location: 5:00

Vorp

  • Race: Zerg Zerg
  • League: Diamond
  • Spawn Location: 11:00

VOD

Have the link to the VOD?

Description

Time

  • Played on: July 29, 2019, 4:44 a.m.
  • Length: 6:43
Show
View Real Time Build Order
Export as new Build Order

Mez Protoss - Winner!

Build Orders: 1 Gate Expand 

Get SALT Encoding   

  12  0:00  Probe  
  13  0:13  Probe  
  14  0:18  Pylon  
  14  0:25  Probe  
  15  0:33  Probe  
  15  0:41  Probe  
  15  0:42  Gateway  
  16  0:49  Assimilator  
  17  0:52  Probe  
  18  1:04  Probe  
  19  1:16  Probe  
  20  1:28  Nexus  
  20  1:40  Cybernetics Core  
  20  1:53  Probe  
  21  1:54  Pylon  
  21  1:58  Assimilator  
  21  2:06  Probe  
  22  2:12  Adept  
  22  2:18  Probe  
  25  2:23  Warp Gate  
  25  2:30  Probe  
  25  2:35  Stalker  
  26  2:37  Pylon  
  26  2:42  Probe  
  29  2:54  Probe  
  29  2:55  Probe  
  30  3:02  Twilight Council  
  30  3:06  Probe  
  30  3:07  Probe  
  30  3:09  Stalker  
  34  3:14  Probe  
  34  3:15  Probe  
  34  3:16  Robotics Facility  
  36  3:33  Probe x2, Pylon  
  36  3:38  Charge  
  38  3:43  Probe  
  38  3:47  Probe  
  40  3:51  Probe  
  40  3:59  Probe, Gateway  
  40  4:00  Gateway  
  40  4:01  Immortal  
  42  4:03  Gateway  
  46  4:40  Warp Prism  
  46  4:45  Gateway  
  46  4:46  Gateway  
  46  4:48  Gateway  
  46  4:49  Gateway  
  48  4:58  Stalker x4  
  56  5:34  Zealot x3  
  62  5:42  Pylon  
  62  5:44  Pylon  
  62  5:46  Pylon  
  62  5:47  Pylon  
  62  5:56  Pylon  
  62  6:02  Zealot x4  
  62  6:03  Zealot x4  
  78  6:23  Zealot  
  78  6:24  Zealot  
  78  6:25  Zealot x3  
  86  6:26  Zealot  
  86  6:30  Zealot  
  86  6:31  Zealot  
Show
View Real Time Build Order
Export as new Build Order

Vorp Zerg 

Build Orders: Hatch First 

Get SALT Encoding   

  12  0:01  Drone  
  13  0:12  Overlord  
  13  0:20  Drone  
  14  0:32  Drone x2  
  14  0:34  Drone  
  17  0:53  Hatchery  
  16  1:00  Drone x2  
  16  1:04  Extractor  
  17  1:16  Spawning Pool  
  16  1:19  Drone  
  16  1:22  Drone  
  18  1:37  Drone  
  19  1:42  Overlord  
  19  1:49  Drone  
  20  2:03  Queen  
  20  2:04  Metabolic Boost  
  20  2:06  Zergling x4  
  24  2:12  Queen  
  26  2:22  Drone x3  
  29  2:32  Overlord  
  28  2:55  Hatchery  
  27  2:59  Drone x4  
  27  3:00  Drone  
  32  3:15  Drone x3  
  32  3:16  Drone x2  
  32  3:19  Overlord  
  37  3:30  Overlord  
  37  3:37  Queen  
  37  3:41  Lair  
  39  3:56  Zergling x12  
  39  3:57  Drone  
  39  3:58  Drone x2  
  48  4:05  Baneling Nest  
  47  4:12  Overlord x2  
  47  4:13  Pneumatized Carapace  
  47  4:24  Queen  
  49  4:32  Drone x9  
  49  4:33  Drone  
  59  4:40  Roach Warren  
  59  4:42  Extractor  
  59  4:43  Extractor  
  59  4:44  Extractor  
  55  4:59  Spore Crawler  
  54  5:00  Spore Crawler  
  54  5:02  Spore Crawler  
  52  5:07  Drone x4  
  52  5:08  Drone x6  
  61  5:19  Glial Reconstitution  
  60  5:36  Zergling x2  
  60  5:37  Zergling x10  
  65  5:44  Overlord x2  
  65  5:45  Overlord x2  
  65  5:48  Spine Crawler  
  64  5:50  Spine Crawler x2  
  64  5:52  Spine Crawler  
  60  5:57  Roach  
  60  5:58  Roach  
  64  6:05  Zergling x12  
  64  6:06  Zergling x2  
  71  6:12  Baneling x7  
  71  6:13  Baneling  
Tags
 
Add a new tag
Caveats
  • Supply blocks, unpowered buildings, or Contaminate may cause inaccurate times.
  • Supply counts are checked every 10 seconds.